| TOP OF THE 1ST |
|
Boston (DL) Red Sox batting - Pitching for Detroit Tigers : LHP Lefty James
|
|
Pitching: LHP Lefty James
|
|
|
Batting: RHB Steve Sax
|
0-0: Foul Ball, location: 2F 0-1: SINGLE (Groundball, 56D, EV 88.8 MPH) (infield hit)
|
|
Batting: RHB Kevin Elster
|
0-0: Called Strike 0-1: Hit by Pitch Steve Sax to second
|
|
Batting: RHB Lonnie Smith
|
0-0: Called Strike 0-1: SINGLE (Line Drive, 89S, EV 109.4 MPH) Steve Sax to third Kevin Elster to second Runner from 3rd tries for Home, SAFE, throw by RF to home
|
|
Batting: RHB Matt Kemp
|
0-0: Ball 1-0: Fly out, F8 (Line Drive, 8LD, EV 90.6 MPH)
|
|
Batting: RHB Lee May
|
0-0: Foul Ball, location: 2F 0-1: Fly out, F7 (Line Drive, 7D, EV 101.9 MPH)
|
|
Batting: LHB Ralph Garr
|
0-0: Ball 1-0: Fly out, F6 (Flyball, 6D, EV 90.6 MPH)
|
| Top of the 1st over - 1 run, 2 hits, 0 errors, 2 left on base; Boston (DL) 1 - Detroit 0 |
| BOTTOM OF THE 1ST |
|
Detroit Tigers batting - Pitching for Boston (DL) Red Sox : RHP Chan Ho Park
|
|
Pitching: RHP Chan Ho Park
|
|
|
Batting: SHB Bernie F Williams
|
0-0: Ball 1-0: Foul Ball, location: 2F 1-1: Swinging Strike 1-2: Ball 2-2: Fly out, F7 (Flyball, 7D, EV 81.9 MPH)
|
|
Batting: LHB Johnny Pesky
|
0-0: Ground out 6-3 (Groundball, 6M, EV 88.1 MPH)
|
|
Batting: RHB Steve Boros
|
0-0: Foul Ball, location: 2F 0-1: Ball 1-1: Ball 2-1: Foul Ball, location: 2F 2-2: Foul Ball, location: 2F 2-2: SOLO HOME RUN (Flyball, 7LD, EV 99.4 MPH), Distance : 378 ft
|
|
Batting: LHB Larry Walker
|
0-0: Ball 1-0: SINGLE (Line Drive, 4MD, EV 101.3 MPH)
|
|
Batting: RHB Tommy Clarke
|
0-0: Ball 1-0: Called Strike 1-1: Foul Ball, location: 2F 1-2: Foul Ball, location: 2F 1-2: Foul Ball, location: 2F 1-2: Ball 2-2: SINGLE (Line Drive, 6D, EV 98.1 MPH) Larry Walker to second Runner from 2nd tries for 3rd, OUT! 8-5
|
| Bottom of the 1st over - 1 run, 3 hits, 0 errors, 1 left on base; Boston (DL) 1 - Detroit 1 |
| TOP OF THE 2ND |
|
Boston (DL) Red Sox batting - Pitching for Detroit Tigers : LHP Lefty James
|
|
Batting: RHB Sandy Alomar Jr
|
0-0: Swinging Strike 0-1: Fly out, F8 (Flyball, 89S, EV 84.4 MPH)
|
|
Batting: RHB Mariano Duncan
|
0-0: Ball 1-0: Ball 2-0: Called Strike 2-1: Fly out, F6 (Popup, 6M, EV 70.0 MPH)
|
|
Batting: RHB Chan Ho Park
|
0-0: Foul Ball, location: 2F 0-1: Ball 1-1: Foul Ball, location: 2F 1-2: Strikes out swinging
|
| Top of the 2nd over - 0 runs, 0 hits, 0 errors, 0 left on base; Boston (DL) 1 - Detroit 1 |
| BOTTOM OF THE 2ND |
|
Detroit Tigers batting - Pitching for Boston (DL) Red Sox : RHP Chan Ho Park
|
|
Batting: RHB Don Lock
|
0-0: Called Strike 0-1: Called Strike 0-2: Ball 1-2: Reached on error, E4 (Groundball, 4M, EV 85.0 MPH)
|
|
Batting: RHB Bob Brenly
|
0-0: Swinging Strike 0-1: Ball 1-1: Ground out 5-3 (Groundball, 56S, EV 85.0 MPH)
|
|
Batting: RHB Woody English
|
0-0: 2-RUN HOME RUN (Flyball, 9LD, EV 103.1 MPH), Distance : 358 ft
|
|
Batting: LHB Lefty James
|
0-0: Fly out, F7 (Flyball, 7, EV 89.4 MPH)
|
|
Batting: SHB Bernie F Williams
|
0-0: Called Strike 0-1: Ball 1-1: Called Strike 1-2: Fly out, F6 (Flyball, 56D, EV 94.4 MPH)
|
| Bottom of the 2nd over - 2 runs, 1 hit, 1 error, 0 left on base; Boston (DL) 1 - Detroit 3 |
| TOP OF THE 3RD |
|
Boston (DL) Red Sox batting - Pitching for Detroit Tigers : LHP Lefty James
|
|
Batting: RHB Steve Sax
|
0-0: Swinging Strike 0-1: Ball 1-1: Bunted foul 1-2: Ball 2-2: Ground out 5-3 (Groundball, 56, EV 87.5 MPH)
|
|
Batting: RHB Kevin Elster
|
0-0: Foul Ball, location: 2F 0-1: Swinging Strike 0-2: Ground out 4-3 (Groundball, 34, EV 81.9 MPH)
|
|
Batting: RHB Lonnie Smith
|
0-0: Ball 1-0: Ball 2-0: Ball 3-0: Called Strike 3-1: Ground out 5-3 (Groundball, 56S, EV 80.6 MPH)
|
| Top of the 3rd over - 0 runs, 0 hits, 0 errors, 0 left on base; Boston (DL) 1 - Detroit 3 |
| BOTTOM OF THE 3RD |
|
Detroit Tigers batting - Pitching for Boston (DL) Red Sox : RHP Chan Ho Park
|
|
Batting: LHB Johnny Pesky
|
0-0: Called Strike 0-1: Foul Ball, location: 2F 0-2: Ground out 4-3 (Groundball, 4, EV 106.9 MPH)
|
|
Batting: RHB Steve Boros
|
0-0: Foul Ball, location: 2F 0-1: Fly out, F6 (Flyball, 5D, EV 91.3 MPH)
|
|
Batting: LHB Larry Walker
|
0-0: Ball 1-0: Hit by Pitch
|
|
Batting: RHB Tommy Clarke
|
0-0: Ball 1-0: Called Strike 1-1: Ground out 4-3 (Groundball, 4, EV 92.5 MPH)
|
| Bottom of the 3rd over - 0 runs, 0 hits, 0 errors, 1 left on base; Boston (DL) 1 - Detroit 3 |
| TOP OF THE 4TH |
|
Boston (DL) Red Sox batting - Pitching for Detroit Tigers : LHP Lefty James
|
|
Batting: RHB Matt Kemp
|
0-0: Ball 1-0: Ball 2-0: Ball 3-0: Foul Ball, location: 2F 3-1: SINGLE (Line Drive, 6D, EV 94.4 MPH)
|
|
Batting: RHB Lee May
|
0-0: Called Strike 0-1: Ball 1-1: Ball Wild Pitch! Matt Kemp to second 2-1: SINGLE (Groundball, 6MD, EV 100.0 MPH) Matt Kemp to third Runner from 3rd tries for Home, SAFE, throw by CF to home
|
|
Batting: LHB Ralph Garr
|
0-0: Ball 1-0: Foul Ball, location: 2F 1-1: Fly out, F6 (Popup, 6MD, EV 68.1 MPH)
|
|
Batting: RHB Sandy Alomar Jr
|
0-0: Foul Ball, location: 2F 0-1: Ball 1-1: DOUBLE (Groundball, 5L, EV 104.4 MPH) Lee May to third Runner from 3rd tries for Home, SAFE, throw by LF to home
|
|
Batting: RHB Mariano Duncan
|
0-0: Ball 1-0: Ball 2-0: SINGLE (Line Drive, 4M, EV 108.8 MPH) Sandy Alomar Jr to third Runner from 3rd tries for Home, SAFE, throw by CF to home Mariano Duncan to second
|
|
Batting: RHB Chan Ho Park
|
0-0: Ball 1-0: Ground out 5-3 (Groundball, 56, EV 103.1 MPH)
|
|
Batting: RHB Steve Sax
|
0-0: Ball 1-0: Ground out 6-3 (Groundball, 6S, EV 83.1 MPH)
|
| Top of the 4th over - 3 runs, 4 hits, 0 errors, 1 left on base; Boston (DL) 4 - Detroit 3 |
| BOTTOM OF THE 4TH |
|
Detroit Tigers batting - Pitching for Boston (DL) Red Sox : RHP Chan Ho Park
|
|
Batting: RHB Don Lock
|
0-0: Called Strike 0-1: Foul Ball, location: 2F 0-2: Strikes out looking
|
|
Batting: RHB Bob Brenly
|
0-0: Hit by Pitch
|
|
Batting: RHB Woody English
|
0-0: SINGLE (Groundball, 4D, EV 108.8 MPH) Bob Brenly to second Runner from 2nd tries for 3rd, SAFE, throw by RF made to third
|
|
Batting: LHB Lefty James
|
0-0: Called Strike 0-1: Bunt - Flyout to 13! F1
|
|
Batting: SHB Bernie F Williams
|
0-0: Foul Ball, location: 2F 0-1: Ground out U3 (Groundball, 3, EV 84.4 MPH)
|
| Bottom of the 4th over - 0 runs, 1 hit, 0 errors, 2 left on base; Boston (DL) 4 - Detroit 3 |
| TOP OF THE 5TH |
|
Boston (DL) Red Sox batting - Pitching for Detroit Tigers : LHP Lefty James
|
|
Batting: RHB Kevin Elster
|
0-0: Ball 1-0: Foul Ball, location: 2F 1-1: Ball 2-1: Called Strike 2-2: Foul Ball, location: 2F 2-2: Foul Ball, location: 2F 2-2: SINGLE (Groundball, 25, EV 71.9 MPH) (infield hit)
|
|
Batting: RHB Lonnie Smith
|
0-0: Called Strike 0-1: Ball 1-1: DOUBLE (Flyball, 8RXD, EV 102.5 MPH) Kevin Elster to third
|
|
Batting: RHB Matt Kemp
|
0-0: Ball 1-0: Ground out 6-3 (Groundball, 6, EV 105.6 MPH) Kevin Elster scores
|
|
Batting: RHB Lee May
|
0-0: Fly out, F7 (Flyball, 7, EV 86.3 MPH)
|
|
Batting: LHB Ralph Garr
|
0-0: Called Strike 0-1: Ball 1-1: Ball 2-1: SINGLE (Groundball, 6MD, EV 81.3 MPH) (infield hit) Lonnie Smith to third
|
|
Batting: RHB Sandy Alomar Jr
|
0-0: Fielders Choice at 2nd, 6-4 (Groundball, 6, EV 80.0 MPH)
|
| Top of the 5th over - 1 run, 3 hits, 0 errors, 2 left on base; Boston (DL) 5 - Detroit 3 |
| BOTTOM OF THE 5TH |
|
Detroit Tigers batting - Pitching for Boston (DL) Red Sox : RHP Chan Ho Park
|
|
Batting: LHB Johnny Pesky
|
0-0: Fly out, F3 (Line Drive, 3, EV 70.6 MPH)
|
|
Batting: RHB Steve Boros
|
0-0: Ball 1-0: Ball 2-0: Ball 3-0: Base on Balls
|
|
Batting: LHB Larry Walker
|
0-0: Ball Steve Boros steals 2nd base 1-0: Foul Ball, location: 2F 1-1: Fly out, F9 (Line Drive, 9, EV 88.1 MPH)
|
|
Batting: RHB Tommy Clarke
|
0-0: Ball 1-0: Foul Ball, location: 2F 1-1: Foul Ball, location: 2F 1-2: Strikes out looking
|
| Bottom of the 5th over - 0 runs, 0 hits, 0 errors, 1 left on base; Boston (DL) 5 - Detroit 3 |
| TOP OF THE 6TH |
|
Boston (DL) Red Sox batting - Pitching for Detroit Tigers : LHP Lefty James
|
|
Batting: RHB Mariano Duncan
|
0-0: SINGLE (Groundball, 34D, EV 100.0 MPH)
|
|
Batting: RHB Chan Ho Park
|
0-0: Sac Bunt to 2R - play at first, batter OUT! 2-4 Mariano Duncan to second
|
|
Batting: RHB Steve Sax
|
0-0: DOUBLE (Line Drive, 78M, EV 101.9 MPH) Mariano Duncan scores
|
|
Pitching: RHP Fred Winchell
|
|
|
Batting: RHB Kevin Elster
|
0-0: Called Strike 0-1: Foul Ball, location: 2F 0-2: Strikes out swinging
|
|
Batting: RHB Lonnie Smith
|
0-0: Ball 1-0: Called Strike 1-1: SINGLE (Line Drive, 34D, EV 96.9 MPH) Steve Sax to third Runner from 3rd tries for Home, SAFE, throw by RF to home Lonnie Smith to second
|
|
Batting: RHB Matt Kemp
|
0-0: Ball 1-0: Called Strike 1-1: Swinging Strike 1-2: Ball 2-2: Foul Ball, location: 2F 2-2: Foul Ball, location: 2F 2-2: SINGLE (Groundball, 6MS, EV 68.8 MPH) (infield hit) Lonnie Smith to third
|
|
Batting: RHB Lee May
|
0-0: Ball 1-0: Fly out, F8 (Flyball, 8LM, EV 96.9 MPH)
|
| Top of the 6th over - 2 runs, 4 hits, 0 errors, 2 left on base; Boston (DL) 7 - Detroit 3 |
| BOTTOM OF THE 6TH |
|
Detroit Tigers batting - Pitching for Boston (DL) Red Sox : RHP Chan Ho Park
|
|
Batting: RHB Don Lock
|
0-0: Ball 1-0: Ground out 5-3 (Groundball, 56S, EV 70.0 MPH)
|
|
Batting: RHB Bob Brenly
|
0-0: Ball 1-0: Ball 2-0: Called Strike 2-1: SINGLE (Line Drive, 6M, EV 103.1 MPH)
|
|
Batting: RHB Woody English
|
0-0: Called Strike 0-1: Fly out, F9 (Flyball, 9LM, EV 84.4 MPH)
|
|
Batting: RHB Fred Winchell
|
0-0: Swinging Strike 0-1: Ball 1-1: Foul Ball, location: 2F 1-2: Strikes out looking
|
| Bottom of the 6th over - 0 runs, 1 hit, 0 errors, 1 left on base; Boston (DL) 7 - Detroit 3 |
| TOP OF THE 7TH |
|
Boston (DL) Red Sox batting - Pitching for Detroit Tigers : RHP Fred Winchell
|
|
Batting: LHB Ralph Garr
|
0-0: Ball 1-0: Ball 2-0: Ball 3-0: Called Strike 3-1: Foul Ball, location: 2F 3-2: Base on Balls
|
|
Batting: RHB Sandy Alomar Jr
|
0-0: Fly out, F8 (Flyball, 8RXD, EV 83.1 MPH) Runner from 1st tags up, SAFE at 2nd
|
|
Batting: RHB Mariano Duncan
|
0-0: Called Strike 0-1: Foul Ball, location: 2F 0-2: Ball 1-2: Strikes out swinging
|
|
Batting: RHB Chan Ho Park
|
0-0: Ball 1-0: Ball 2-0: Fly out, F9 (Line Drive, 9, EV 90.0 MPH)
|
| Top of the 7th over - 0 runs, 0 hits, 0 errors, 1 left on base; Boston (DL) 7 - Detroit 3 |
| BOTTOM OF THE 7TH |
|
Detroit Tigers batting - Pitching for Boston (DL) Red Sox : RHP Chan Ho Park
|
|
Batting: SHB Bernie F Williams
|
0-0: Called Strike 0-1: Ball 1-1: Foul Ball, location: 2F 1-2: Foul Ball, location: 2F 1-2: Hit by Pitch
|
|
Batting: LHB Johnny Pesky
|
0-0: Ball 1-0: SINGLE (Line Drive, 6MD, EV 100.6 MPH) Bernie F Williams to second
|
|
Batting: RHB Steve Boros
|
0-0: Ball 1-0: Called Strike 1-1: Called Strike 1-2: Ball 2-2: Foul Ball, location: 2F 2-2: Ball 3-2: Grounds into double play, 6-4-3 (Groundball, 6, EV 100.6 MPH) Bernie F Williams to third
|
|
Batting: LHB Larry Walker
|
0-0: Called Strike 0-1: Ball 1-1: Foul Ball, location: 2F 1-2: Foul Ball, location: 2F 1-2: Foul Ball, location: 2F 1-2: Fly out, F9 (Flyball, 9LD, EV 107.5 MPH)
|
| Bottom of the 7th over - 0 runs, 1 hit, 0 errors, 1 left on base; Boston (DL) 7 - Detroit 3 |
| TOP OF THE 8TH |
|
Boston (DL) Red Sox batting - Pitching for Detroit Tigers : RHP Fred Winchell
|
|
Batting: RHB Steve Sax
|
0-0: Ball 1-0: Ball 2-0: Called Strike 2-1: Called Strike 2-2: Fly out, F8 (Flyball, 8RD, EV 90.0 MPH)
|
|
Batting: RHB Kevin Elster
|
0-0: Called Strike 0-1: Ball 1-1: Ball 2-1: Ball 3-1: Foul Ball, location: 2F 3-2: Foul Ball, location: 2F 3-2: Base on Balls
|
|
Pitching: RHP Erik Goeddel
|
|
|
Batting: RHB Lonnie Smith
|
0-0: Ball 1-0: Called Strike 1-1: Fly out, F8 (Flyball, 89XD, EV 95.0 MPH)
|
|
Batting: RHB Matt Kemp
|
0-0: Ball 1-0: Fly out, F8 (Flyball, 8RM, EV 85.0 MPH)
|
| Top of the 8th over - 0 runs, 0 hits, 0 errors, 1 left on base; Boston (DL) 7 - Detroit 3 |
| BOTTOM OF THE 8TH |
|
Detroit Tigers batting - Pitching for Boston (DL) Red Sox : RHP Chan Ho Park
|
|
Batting: RHB Tommy Clarke
|
0-0: Called Strike 0-1: Ground out 4-3 (Groundball, 4MD, EV 109.4 MPH)
|
|
Batting: RHB Don Lock
|
0-0: Called Strike 0-1: Ball 1-1: Ball 2-1: Reached on error, E6 (Groundball, 6MS, EV 87.5 MPH)
|
|
Batting: RHB Bob Brenly
|
0-0: Ball 1-0: Ball 2-0: Called Strike 2-1: Called Strike 2-2: Foul Ball, location: 2F 2-2: Strikes out swinging
|
|
Batting: RHB Woody English
|
0-0: Ball 1-0: Fly out, F8 (Flyball, 78XD, EV 85.0 MPH)
|
| Bottom of the 8th over - 0 runs, 0 hits, 1 error, 1 left on base; Boston (DL) 7 - Detroit 3 |
| TOP OF THE 9TH |
|
Boston (DL) Red Sox batting - Pitching for Detroit Tigers : RHP Erik Goeddel
|
|
Batting: RHB Lee May
|
0-0: Ball 1-0: Foul Ball, location: 2F 1-1: Foul Ball, location: 2F 1-2: Foul Ball, location: 2F 1-2: DOUBLE (Line Drive, 7LS, EV 96.9 MPH)
|
|
Batting: LHB Ralph Garr
|
0-0: Swinging Strike 0-1: Foul Ball, location: 2F 0-2: Ball 1-2: DOUBLE (Groundball, 3L, EV 103.1 MPH) Lee May scores
|
|
Batting: RHB Sandy Alomar Jr
|
0-0: Ball 1-0: Fly out, F3 (Popup, 3L, EV 77.5 MPH)
|
|
Batting: RHB Mariano Duncan
|
0-0: Ball 1-0: Ground out 6-3 (Groundball, 6, EV 81.9 MPH) Ralph Garr to third
|
|
Pinch Hitting: LHB Eddie Mathews
|
0-0: Swinging Strike 0-1: Ball 1-1: Called Strike 1-2: Ball 2-2: Foul Ball, location: 2F 2-2: Strikes out swinging
|
| Top of the 9th over - 1 run, 2 hits, 0 errors, 1 left on base; Boston (DL) 8 - Detroit 3 |
| BOTTOM OF THE 9TH |
|
Detroit Tigers batting - Pitching for Boston (DL) Red Sox : RHP Chan Ho Park
|
|
Pitching: RHP Rodrigo Lopez
|
|
|
Pinch Hitting: LHB Roger Repoz
|
0-0: Ball 1-0: Foul Ball, location: 2F 1-1: Ball 2-1: Foul Ball, location: 2F 2-2: Foul Ball, location: 2F 2-2: Ball 3-2: Ground out 1-3 (Groundball, 13S, EV 72.5 MPH)
|
|
Batting: SHB Bernie F Williams
|
0-0: Called Strike 0-1: Ball 1-1: Ground out 1-3 (Groundball, 15S, EV 73.8 MPH)
|
|
Batting: LHB Johnny Pesky
|
0-0: Called Strike 0-1: Foul Ball, location: 2F 0-2: Ball 1-2: Ball 2-2: SINGLE (Groundball, 56D, EV 105.0 MPH)
|
|
|